 Dungeon Crawl Stone Soup version 0.14-a0-30-gf0b6e91 (webtiles) character file.

278 PolkaDot the Stinger (level 4, -3/30 HPs)
             Began as a Vampire Venom Mage on Sept 27, 2013.
             Slain by an adder skeleton (4 damage)
             ... on Level 4 of the Dungeon.
             The game lasted 00:11:55 (3072 turns).

PolkaDot the Stinger (Vampire Venom Mage)           Turns: 3072, Time: 00:11:55

HP  -3/30        AC  2     Str  7      XL: 4   Next: 54%
MP   8/8         EV 12     Int 18      God:
Gold 173         SH  0     Dex 14      Spells:  1 memorised,  5 levels left

Res.Fire  : . . .   See Invis. : +   m - +1,+0 elf spear
Res.Cold  : . . .   Warding    : .   a - +0 robe
Life Prot.: . . .   Conserve   : .   (no shield)
Res.Poison: .       Res.Corr.  : .   (no helmet)
Res.Elec. : .       Clarity    : .   (no cloak)
Sust.Abil.: . .     Spirit.Shd : .   (no gloves)
Res.Mut.  : .       Stasis     : .   (no boots)
Res.Rott. : .       Flight     : .   (no amulet)
Saprovore : . . .                    (no ring)
                                     n - ring of sustenance

@: regenerating quickly, slightly resistant to hostile enchantments, stealthy
A: fangs 3, see invisible, unbreathing
a: no special abilities


You were on level 4 of the Dungeon.
You were very full.

You visited 1 branch of the dungeon, and saw 4 of its levels.

You collected 153 gold pieces.

Inventory:

Hand weapons
 c - a +2,+2 dagger of draining
 m - a +1,+0 elven spear (weapon)
Armour
 a - a +0 robe (worn)
Scrolls
 e - a scroll of magic mapping
 i - 3 scrolls of identify {unknown}
 j - a scroll of curse armour {unknown}
 k - a scroll of noise {unknown}
 l - a scroll of fear {unknown}
Jewellery
 n - a ring of sustenance (left hand)
 o - an uncursed ring of teleportation
Potions
 f - a potion of paralysis {unknown}
Books
 b - a Young Poisoner's Handbook

   Spells                             Type                      Level
   *Sting                             Conjuration/Poison           1
   Cure Poison                        Poison                       2
   Mephitic Cloud                     Conjuration/Poison/Air       3
   Olgreb's Toxic Radiance            Poison                       4
   Venom Bolt                         Conjuration/Poison           5


   Skills:
 - Level 2.1 Dodging
 - Level 3.0 Stealth
 * Level 1.7 Spellcasting
 + Level 0.3 Conjurations
 - Level 5.1 Poison Magic


You had 5 spell levels left.
You knew the following spells:

 Your Spells              Type           Power        Failure   Level  Hunger
a - Sting                 Conj/Pois      ##..         8%          1    #......


Dungeon Overview and Level Annotations

Branches:
Dungeon (4/27)
 Temple: D:4-7

Altars:
Ashenzari

Annotations:
D:3 Grinder


Innate Abilities, Weirdness & Mutations

Your natural rate of healing is unusually fast.
You have razor-sharp teeth.*
You have supernaturally acute eyesight.
You can survive without breathing.*


Message History

The orc hits you with an orcish flail!
* * * LOW HITPOINT WARNING * * *
The adder skeleton bites you.
* * * LOW HITPOINT WARNING * * *
The rat closely misses you.
Read which item? (? for menu, Esc to quit)
As you read the scroll labeled STUHITT TYANYWN, it crumbles to dust.
You feel aware of your surroundings.
You sensed 1 shop/portal.
It was a scroll of magic mapping.
The adder skeleton bites you but does no damage.
The orc closely misses you. The rat bites you but does no damage.
Read which item? (? for menu, Esc to quit)
As you read the scroll labeled COMIG STEXED, it crumbles to dust.
Forget which spell ([?*] list [ESC] exit)?
Okay, then.
It was a scroll of amnesia.
The adder skeleton bites you.
* * * LOW HITPOINT WARNING * * *
The rat barely misses you. The orc barely misses you.
The adder skeleton bites you.
You die...

*...................#
#...<......%........#
#...........%.......#
#...................*
#...................*
#................)..*
#...§..............,*
#..§§§............, *
#.§o@§§..........,,,*
#..zrz.........,,,,,*
#...§.........,,,,,,*
#............,,,,,,,
#...........,,,,,,,,,
#..........,,,,,,,,,,
#.........,,,,,,,,,,,
#........,,,,,,,,,,,,
*,,...,,,,,,,,,,,,,,,


You could see an orc, a rat and 2 adder skeletons.

Vanquished Creatures
  An adder (D:2)
  2 worms
  A giant gecko (D:2)
  2 orcs
  9 bats
  7 giant cockroaches
  7 hobgoblins
  10 jackals
  2 quokkas
  8 giant newts
  7 goblins
  11 kobolds
  8 rats
75 creatures vanquished.

Notes
Turn   | Place    | Note
--------------------------------------------------------------
     0 | D:1      | PolkaDot, the Vampire Venom Mage, began the quest for the Orb.
     0 | D:1      | Reached XP level 1. HP: 13/13 MP: 4/4
   431 | D:1      | Reached skill level 4 in Poison Magic
   460 | D:1      | Reached XP level 2. HP: 19/19 MP: 1/5
  1140 | D:1      | Reached XP level 3. HP: 18/24 MP: 6/6
  1850 | D:2      | Reached skill level 5 in Poison Magic
  2013 | D:2      | Found a shattered altar of Ashenzari.
  2020 | D:2      | Reached XP level 4. HP: 30/30 MP: 8/8
  2407 | D:3      | Noticed Grinder
  2842 | D:3      | Paralysed by Grinder for 5 turns
  3072 | D:4      | HP: 1/30 [adder skeleton (3)]
  3072 | D:4      | Slain by an adder skeleton

Action                   |  1- 3 |  4- 6 || total
-------------------------+-------+-------++-------
Melee: Spear             |    74 |    83 ||   157
       Unarmed           |    13 |       ||    13
       Short sword       |    11 |       ||    11
 Cast: Sting             |    74 |     5 ||    79
  Use: Potion            |     4 |     3 ||     7
       Scroll            |       |     5 ||     5
 Stab: Sleeping          |     2 |     5 ||     7
       Distracted        |     1 |       ||     1
       Invisible         |       |     2 ||     2
